[Event "*** Titled Tuesday Blitz"]
[Site "Chess.com"]
[Date "2019.06.04"]
[Round "7"]
[White "JozefKneht"]
[Black "Aknok"]
[Result "0-1"]
[WhiteElo "2513"]
[BlackElo "2425"]
[TimeControl "180+2"]
[EndTime "14:36:11 PDT"]
[Termination "Aknok won by resignation"]

1. e4 e6 2. d4 d5 3. Nc3 Bb4 4. e5 Qd7 5. a3 Bxc3+ 6. bxc3 b6 7. Nh3 Ba6 8. Bxa6 Nxa6 9. Nf4 g6 10. h4 Ne7 11. a4 Nb8 12. a5 b5 13. Nd3 Na6 14.
Ba3 O-O-O 15. Nc5 Nxc5 16. Bxc5 a6 17. Qf3 Nc6 18. Qf6 h6 19. Rh3 Rh7 20. Kd2 Rg8 21.
g4 Qe8 22. f3 Nb8 23. Bb4 Nd7 24. Qe7 Qxe7 25. Bxe7 Nb8 26. h5 Kd7 27. Bb4 g5 28.
Rf1 Ke8 29. f4 gxf4 30. Rxf4 Rg5 31. Ke3 Nd7 32. Kf3 Rhg7 33. Rh1 c5 34. Bxc5 Nxc5 35. dxc5 Rxe5 36. Rf6 Re4 37. Rg1 Rh7 38. Rf4 Rxf4+ 39. Kxf4 f6 40. c4 dxc4 41. Rd1 Rd7 42. Re1 Ke7 43. g5 fxg5+ 44. Ke4 Rc7 45. Kd4 Rd7+ 46. Kc3 Rd5 47. Kb4 Kd7 48. Rf1 g4 49. Rf7+ Ke8 50.
Rf6 Rxh5 51. Rxe6+ Kd7 52. Rxa6 g3 53. Rd6+ Kc7 54. Rd1 g2 55. Rg1 Rg5 56. Kxb5 h5 57. a6 h4 58. a7 Kb7 59. Ra1 Ka8 60. Rg1 h3 61. Kb6 h2 62. Re1 Rg6+ 63. c6 Rxc6+ 64.
Kxc6 h1=Q 0-1

[Event "*** Titled Tuesday Blitz"]
[Site "Chess.com"]
[Date "2019.06.04"]
[Round "7"]
[White "Angry_Twin"]
[Black "maciek_92"]
[Result "1-0"]
[WhiteElo "2810"]
[BlackElo "2699"]
[TimeControl "180+2"]
[EndTime "14:36:12 PDT"]
[Termination "Angry_Twin won by resignation"]

1. e4 c5 2. Nf3 Nc6 3. Bb5 g6 4. Bxc6 dxc6 5. d3 Bg7 6. Nc3 e5 7. h3 h6 8. Be3 b6 9. Qd2 Be6 10. Nh2 Nf6 11. f4 exf4 12. Bxf4 Nh5 13. Be3 Qh4+ 14. Bf2 Qg5 15. Qxg5 hxg5 16. Nf3 g4 17. hxg4 Bxg4 18. Be3 Ke7 19. Kf2 Be6 20. a3 Nf6 21. Bg5 Kd7 22. Ne5+ Kc7 23. Bf4 Kb7 24. Ne2 g5 25.
Bg3 Ng4+ 26. Nxg4 Bxg4 27. c3 Rad8 28. Rxh8 Rxh8 29. Rd1 Rd8 30. Rd2 f5 31. exf5 Bxf5 32. d4 c4 33. Ng1 Rf8 34. Ke1 Bg4 35. Rf2 Rxf2 36. Kxf2 Ka6 37. Nf3 Bxf3 38. gxf3 Kb5 39. Ke2 Ka4 40. Kd2 Kb3 41. Kc1 Bf8 42. Bb8 a6 43. Bc7 b5 44. Bd8 Bh6 45. Kb1 Ka4 46.
Kc2 a5 47. Be7 b4 48. axb4 axb4 49. Bxb4 Kb5 50. Be7 Ka4 51. Bf6 Kb5 52. Kb1 c5 53. d5 Kb6 54. Be7 Kc7 55. Bxc5 Bg7 56. Kc2 1-0

[Event "*** Titled Tuesday Blitz"]
[Site "Chess.com"]
[Date "2019.06.04"]
[Round "7"]
[White "NicoChasin"]
[Black "WPWPWP-2015"]
[Result "1-0"]
[WhiteElo "2482"]
[BlackElo "2436"]
[TimeControl "180+2"]
[EndTime "14:36:13 PDT"]
[Termination "NicoChasin won by checkmate"]

1. d4 d5 2. c4 c6 3. Nc3 Nf6 4. Bg5 e6 5. e3 h6 6. Bh4 Bb4 7. Nf3 Nbd7 8. Bd3 dxc4 9. Bxc4 b5 10. Bd3 Bb7 11. O-O O-O 12. a3 Be7 13. e4 c5 14.
Bxb5 Nxe4 15. Bxe7 Qxe7 16. dxc5 Ndxc5 17. Nxe4 Bxe4 18. Qe2 Qf6 19. b4 Bxf3 20. Qxf3 Qxf3 21. gxf3 Nb3 22. Rad1 e5 23. Ba4 Nd4 24. Rd3 Rac8 25. Re1 Rfd8 26. Kf1 f6 27. f4 Nf5 28. Rxd8+ Rxd8 29. fxe5 fxe5 30. Rxe5 Nd6 31. Re7 Nc8 32. Rc7 Kf8 33.
Bd7 Nb6 34. Be6 Rd6 35. Ba2 Rd1+ 36. Kg2 Rd2 37. Be6 Re2 38. Bg4 Ra2 39. Rxa7 Nc4 40.
Be6 Rxa3 41. Rf7+ Ke8 42. Bxc4 Rc3 43. Rc7 Kd8 44. Rc5 Kd7 45. b5 Kd6 46. Rc6+ Ke5 47.
b6 Rc2 48. Bb5 Rb2 49. Rc5+ Kd6 50. b7 Kxc5 51. b8=Q Rxb5 52. Qc7+ Kb4 53. Qxg7 Rg5+ 54. Qxg5 hxg5 55. Kg3 Kc4 56. Kg4 Kd3 57. Kxg5 Ke4 58.
h4 Ke5 59. h5 Ke6 60. h6 Kf7 61. f4 Kg8 62. Kg6 Kh8 63. f5 Kg8 64. f6 Kh8 65. Kf5 Kg8 66. Ke6 Kh7 67. f7 Kg6 68. f8=Q Kh5 69. h7 Kg6 70. h8=Q Kg5 71. Qff6+ Kg4 72.
Qhh4# 1-0

[Event "*** Titled Tuesday Blitz"]
[Site "Chess.com"]
[Date "2019.06.04"]
[Round "7"]
[White "Rhinos1"]
[Black "RU_B9"]
[Result "0-1"]
[WhiteElo "2057"]
[BlackElo "2065"]
[TimeControl "180+2"]
[EndTime "14:36:14 PDT"]
[Termination "RU_B9 won by checkmate"]

1. e4 e6 2. d3 d5 3. Nd2 c5 4.
Ngf3 Nc6 5. g3 Bd6 6. Bg2 Nge7 7. O-O O-O 8. c3 f6 9. Re1 Re8 10. a4 a5 11. Nf1 Ng6 12. Qb3 Bc7 13. exd5 Nce5 14. Nxe5 Nxe5 15. dxe6 Bxe6 16. Qxb7 Nxd3 17.
Rxe6 Rxe6 18. Qxa8 Qxa8 19. Bxa8 Re1 20. Bd5+ Kf8 21. b4 Nxc1 22. bxa5 Ne2+ 23. Kg2 Rxa1 24. Bc6 Bxa5 25. Nd2 Bxc3 26. Nb3 Rg1+ 27. Kh3 Nd4 28. a5 Nxb3 29. a6 Ra1 30. a7 Rxa7 31. Bd5 Nd4 32.
f4 Ke7 33. Be4 g6 34. Bd5 Kd6 35. Bg8 f5 36. Kh4 Nf3+ 37. Kh3 Kc6 38. Kg2 Nd4 39. Kh3 Kb5 40. Kh4 Nf3+ 41. Kh3 c4 42. Kg2 Nd4 43. Kh3 Re7 44. Kh4 Nf3+ 45. Kh3 Bd2 46.
Kg2 Nd4 47. h4 c3 48. h5 c2 49. Bxh7 Rxh7 50. hxg6 Rg7 51. Kh3 Rxg6 52. Kh4 Nf3+ 53. Kh5 Rxg3 54. Kh6 c1=Q 55. Kh7 Qh1# 0-1

[Event "*** Titled Tuesday Blitz"]
[Site "Chess.com"]
[Date "2019.06.04"]
[Round "7"]
[White "jefferyx"]
[Black "Muracle"]
[Result "1-0"]
[WhiteElo "2915"]
[BlackElo "2554"]
[TimeControl "180+2"]
[EndTime "14:36:17 PDT"]
[Termination "jefferyx won by checkmate"]

1. d4 Nf6 2. c4 g6 3. Nc3 d5 4. cxd5 Nxd5 5. Na4 e5 6. e4 Nb6 7. Nxb6 axb6 8. d5 Bg7 9. Nf3 O-O 10. Bc4 Nd7 11. O-O Nc5 12. Re1 c6 13. Bg5 Qd6 14. dxc6 Qxc6 15. Bd5 Qb5 16. Be7 Re8 17. Bxc5 bxc5 18.
Ng5 Be6 19. Nxe6 fxe6 20. Bb3 c4 21. Qe2 Rac8 22. Rac1 Qb4 23. Bxc4 Rc6 24. a3 Qa5 25. Bb5 Rxc1 26. Rxc1 Rd8 27. Bc4 Qb6 28. Rd1 Rd4 29.
h4 Bf6 30. h5 Rxd1+ 31. Qxd1 Qxb2 32. h6 Qxa3 33. Bxe6+ Kf8 34. g3 Qe7 35. Bb3 Bg5 36.
Qd5 Ke8 37. Qb5+ Kf8 38. Qc4 Ke8 39. Qc8+ Qd8 40. Qxb7 Qe7 41. Ba4+ Kf7 42. Bb3+ Ke8 43. Qb8+ Kd7 44. Ba4+ Ke6 45. Qb3+ Kf6 46. Qf3+ Ke6 47.
Bb3+ Kd7 48. Qd3+ Ke8 49. Qb5+ Kf8 50. Qd5 Ke8 51. Qg8+ Kd7 52. Bf7 Bxh6 53. Qxh7 Bf8 54. Qxg6 Qd6 55. Qf5+ Kc6 56. Bd5+ Kc5 57. Qc8+ Kd4 58. Qc4# 1-0

[Event "*** Titled Tuesday Blitz"]
[Site "Chess.com"]
[Date "2019.06.04"]
[Round "7"]
[White "volcanoexplorer"]
[Black "RojonR"]
[Result "1-0"]
[WhiteElo "2604"]
[BlackElo "2400"]
[TimeControl "180+2"]
[EndTime "14:36:17 PDT"]
[Termination "volcanoexplorer won by checkmate"]

1. e4 e5 2. Nf3 Nc6 3. Bc4 Nf6 4. d3 h6 5. O-O d6 6. c3 g5 7. Re1 Bg7 8. d4 O-O 9. dxe5 Nxe5 10. Nxe5 dxe5 11.
Qc2 Nh5 12. g3 Be6 13. Be2 Nf6 14. Be3 Qe7 15. Nd2 Ng4 16. Nf1 Rfd8 17. Red1 h5 18.
h3 Nxe3 19. Nxe3 Bxh3 20. Bxh5 Be6 21. Bg4 Bf6 22. Bf5 Kg7 23. Kg2 Rh8 24. Qe2 Rh6 25.
Bxe6 fxe6 26. Rh1 Rah8 27. Rxh6 Rxh6 28. Rd1 Rh8 29. Qb5 c6 30. Qa5 Kg6 31. Rh1 Rd8 32. Qxa7 Rd2 33. Qb8 Rd8 34. Qa7 Rd2 35. Qa8 Rd8 36.
Qa4 Rd2 37. Nc4 Rd8 38. Qc2 b5 39. Ne3 Kg7 40. Qe2 Qf7 41. Rh5 Be7 42. Qg4 Rd2 43.
Nd1 Qf6 44. Rh1 Qf7 45. Re1 Rc2 46. Qf3 Qf4 47. gxf4 exf4 48. Qg4 e5 49. Rh1 Kf6 50. Qf5+ Kg7 51. Rh7+ Kg8 52. Qf7# 1-0

[Event "*** Titled Tuesday Blitz"]
[Site "Chess.com"]
[Date "2019.06.04"]
[Round "7"]
[White "SloLev"]
[Black "csati17"]
[Result "0-1"]
[WhiteElo "2489"]
[BlackElo "2517"]
[TimeControl "180+2"]
[EndTime "14:36:19 PDT"]
[Termination "csati17 won by checkmate"]

1. d4 Nf6 2. Bf4 g6 3. Nc3 Bg7 4. e4 d5 5. e5 Ng8 6. Qd2 c6 7. Nf3 h5 8. Bd3 Bg4 9. Ng5 e6 10.
f3 Bf5 11. Be2 f6 12. exf6 Nxf6 13. h3 h4 14. O-O-O Nh5 15. Be3 c5 16. Rhe1 Nc6 17. Bb5 O-O 18. Bxc6 bxc6 19. f4 Qa5 20. dxc5 d4 21.
Bxd4 Rad8 22. Qe3 Rxd4 23. Rxd4 Qxc5 24. Rd7 Qxe3+ 25. Rxe3 Nxf4 26. Nce4 Nxg2 27. Re2 Nf4 28. Rf2 e5 29. Rxa7 Bh6 30. Kb1 Rd8 31. Rf1 Bg7 32.
a4 Nxh3 33. Nc5 Nxg5 34. a5 h3 35. a6 h2 36. Rb7 Bc8 37. Rc7 Bxa6 38. Nxa6 Nf3 39.
Rh1 e4 40. Rxc6 e3 41. Nb4 e2 42. Nd3 Rxd3 43. cxd3 e1=Q+ 44. Rxe1 Nxe1 45. Rc8+ Kh7 46. b4 h1=Q 47. Rc1 Qf1 48. Ka2 Qe2+ 49. Ka3 Qb2+ 50.
Ka4 Qxc1 51. b5 Nxd3 52. Ka5 Qc7+ 53. b6 Bc3+ 54. Ka6 Qc6 55. Ka7 Bd4 56. Kb8 Qxb6+ 57.
Kc8 Qc6+ 58. Kb8 Be5+ 59. Ka7 Qb5 60. Ka8 Qb8# 0-1

[Event "*** Titled Tuesday Blitz"]
[Site "Chess.com"]
[Date "2019.06.04"]
[Round "7"]
[White "RaphCamora"]
[Black "Everyfishknows"]
[Result "1-0"]
[WhiteElo "2433"]
[BlackElo "2226"]
[TimeControl "180+2"]
[EndTime "14:36:19 PDT"]
[Termination "RaphCamora won by resignation"]

1. e4 e5 2. Nf3 Nc6 3. Bc4 Nf6 4. d3 Be7 5. O-O O-O 6. Re1 d6 7.
a4 Na5 8. Ba2 c5 9. c3 Nc6 10.
Na3 Re8 11. Nc2 Bf8 12. h3 d5 13. exd5 Nxd5 14. Ne3 Nf4 15. Bb1 Qf6 16. Nc4 Bf5 17.
Bxf4 exf4 18. Rxe8 Rxe8 19. Qd2 g5 20. Bc2 Qg6 21.
Re1 Rxe1+ 22. Nxe1 Bg7 23. Qe2 Qe6 24. Kf1 Qxe2+ 25.
Kxe2 Kf8 26. Nf3 h6 27. a5 Ke7 28. Ba4 Nd8 29. d4 cxd4 30. Nxd4 Bxd4 31. cxd4 Ne6 32. d5 Nc5 33. d6+ Ke6 34. d7 Nxd7 35. Bxd7+ Kxd7 36. h4 Ke6 37. hxg5 hxg5 38. g3 fxg3 39. fxg3 Kd5 40. Ne3+ Ke4 41. Nc4 Kd4 42. Nd6 b6 43. Nxf5+ Kc4 44.
axb6 axb6 45. Nd6+ Kb3 46. Nxf7 Kxb2 47. Nxg5 b5 48.
Ne6 b4 49. Nd4 b3 50. Nxb3 Kxb3 51. Ke3 Kc4 52. Ke4 Kc5 53. Ke5 Kc6 54. Ke6 Kc7 55.
g4 Kd8 56. Kf7 Kd7 57. g5 Kd6 58. g6 1-0

[Event "*** Titled Tuesday Blitz"]
[Site "Chess.com"]
[Date "2019.06.04"]
[Round "7"]
[White "vovachesss"]
[Black "adriangschnitzer"]
[Result "1/2-1/2"]
[WhiteElo "2613"]
[BlackElo "2459"]
[TimeControl "180+2"]
[EndTime "14:36:22 PDT"]
[Termination "Game drawn by repetition"]

1. Nf3 Nf6 2. b3 c5 3. Bb2 g6 4. e3 Bg7 5. d4 b6 6. Nbd2 O-O 7. Bd3 Bb7 8. O-O d6 9. Qe2 Nbd7 10. Ba6 Qc8 11.
Bxb7 Qxb7 12. c4 Rae8 13. d5 e5 14. e4 Nh5 15. Ne1 Nf4 16. Qf3 f5 17. g3 fxe4 18.
Qxe4 Nf6 19. Qc2 Ne2+ 20. Kg2 Nh5 21. Ne4 Nd4 22. Bxd4 exd4 23. Nxd6 Qd7 24. Nxe8 Rxe8 25. Nd3 Qg4 26. Rae1 Rf8 27. Qe2 Qg5 28. h4 Qd8 29. Qe6+ Kh8 30. d6 Qa8+ 31. Qd5 Qd8 32. Re7 Bf6 33. Qb7 Qxd6 34. Rxh7+ Kg8 35. Re1 Bg7 36. Rxg7+ Nxg7 37. Qd5+ Qxd5+ 38. cxd5 Rd8 39. Nf4 Kf7 40. Re5 Kf6 41. Rg5 Nf5 42. Rxg6+ Kf7 43. Rc6 Ne7 44. Rc7 Ke8 45. Rxa7 Nxd5 46. Nxd5 Rxd5 47. Kf1 Re5 48.
f4 Re4 49. Ra4 b5 50. Ra6 Ke7 51. Rc6 d3 52. Rc7+ Ke6 53. Rc6+ Ke7 54. Rc7+ Ke8 55.
Rc8+ Ke7 56. Rc7+ 1/2-1/2

[Event "*** Titled Tuesday Blitz"]
[Site "Chess.com"]
[Date "2019.06.04"]
[Round "7"]
[White "tbalabayev"]
[Black "Marcus_Harvey"]
[Result "0-1"]
[WhiteElo "2363"]
[BlackElo "2605"]
[TimeControl "180+2"]
[EndTime "14:36:23 PDT"]
[Termination "Marcus_Harvey won by resignation"]

1. Nf3 Nf6 2. g3 b5 3. Bg2 Bb7 4. O-O e6 5. d3 d5 6. Nbd2 Nbd7 7.
a4 b4 8. a5 c5 9. c3 bxc3 10.
bxc3 Be7 11. Qa4 Qc7 12. Re1 Bc6 13. Qc2 O-O 14. e4 Rfc8 15. exd5 Bxd5 16. Nc4 Bd6 17. Qe2 Qc6 18. Ne3 Rab8 19. c4 Bxf3 20. Bxf3 Qc7 21. Nd1 Ne5 22. Nc3 Nxf3+ 23. Qxf3 a6 24. Bd2 Nd7 25.
Ne4 Be5 26. Rab1 h6 27. h4 Rxb1 28. Rxb1 Rb8 29. Qd1 Rb7 30. Rxb7 Qxb7 31. Be3 Qc6 32. Qb3 f5 33. Nd2 Bf6 34. Qd1 Ne5 35. Qe2 Qd6 36. Nb3 Qxd3 37. Qxd3 Nxd3 38. Bxc5 Nb2 39. Bb6 Nxc4 40. Nc5 Bd4 41. Nxa6 Nxb6 42. axb6 Bxb6 43. Nb4 Kf7 44. Nd3 Kf6 45. Kg2 e5 46. f3 g6 47. Kf1 h5 48. Ke2 Ke6 49. Nb4 Bc7 50. Kf2 Kd6 51. Nd3 Kd5 52. Ke3 Bb6+ 53. Ke2 Ba5 54.
Ke3 Bb6+ 55. Ke2 Bc5 56. Ne1 e4 57. Ng2 Bd6 58. f4 Bc5 59. Ne1 Bg1 60. Nc2 Kc4 61. Ne1 Kc3 62. Ng2 Bh2 63. Kf2 Kd2 64. Ne1 Bxg3+ 65.
Kxg3 Kxe1 0-1

[Event "*** Titled Tuesday Blitz"]
[Site "Chess.com"]
[Date "2019.06.04"]
[Round "7"]
[White "ellennilssen"]
[Black "Chesska7"]
[Result "1-0"]
[WhiteElo "2083"]
[BlackElo "2128"]
[TimeControl "180+2"]
[EndTime "14:36:24 PDT"]
[Termination "ellennilssen won by resignation"]

1. d4 Nf6 2. c4 c5 3. d5 b5 4. cxb5 a6 5. bxa6 g6 6. Nc3 Bg7 7. Nf3 O-O 8. g3 d6 9. Bg2 Bxa6 10. Rb1 Nbd7 11. O-O Qa5 12. Bd2 Rfb8 13. b3 Qc7 14.
Re1 Ng4 15. a4 Qb7 16. h3 Nge5 17. Nh4 Nb6 18. f4 Ned7 19. e4 Qa7 20. Kh2 Bd3 21.
Rc1 Qa6 22. Qf3 c4 23. Re3 Nc5 24. bxc4 Bxc4 25. e5 Nd3 26. Rf1 Nb4 27. e6 f5 28.
g4 N4xd5 29. Nxd5 Bxd5 30. Qg3 fxg4 31. hxg4 Bxg2 32. Kxg2 Nc4 33. Re2 Rb2 34. Rff2 Nxd2 35.
Rxd2 Rxd2 36. Rxd2 Qc6+ 37. Qf3 Qxf3+ 38. Kxf3 Rxa4 39.
f5 Bf6 40. Ng2 gxf5 41. gxf5 Ra3+ 42. Kg4 Be5 43. Rc2 Rg3+ 44. Kh5 Rxg2 45. Rxg2+ Kf8 46. Kh6 1-0

[Event "*** Titled Tuesday Blitz"]
[Site "Chess.com"]
[Date "2019.06.04"]
[Round "7"]
[White "Vamostodorecto"]
[Black "NemtsevIgor"]
[Result "1/2-1/2"]
[WhiteElo "2411"]
[BlackElo "2265"]
[TimeControl "180+2"]
[EndTime "14:36:28 PDT"]
[Termination "Game drawn by repetition"]

1. d4 c6 2. c4 d6 3. Nc3 Nd7 4.
e4 h6 5. Nf3 g5 6. Be2 Bg7 7. O-O Nf8 8. Be3 Ng6 9. Ne1 Nf6 10.
g3 g4 11. Ng2 h5 12. f3 h4 13. f4 hxg3 14. hxg3 Rh3 15. Kf2 e5 16. f5 Nxe4+ 17.
Nxe4 Bxf5 18. Ng5 exd4 19. Nxh3 dxe3+ 20. Nxe3 gxh3 21. Nxf5 Be5 22. Bg4 Qb6+ 23. Ne3 Qxb2+ 24. Qe2 Qxe2+ 25. Kxe2 Bxa1 26. Rxa1 Kf8 27. Bxh3 Re8 28. Kf2 Kg7 29. Nf5+ Kf6 30. Nxd6 Re7 31. Rf1 Ne5 32. Kg2+ Kg6 33. Bf5+ Kg7 34. Bc8 Kg6 35. c5 b6 36.
Bf5+ Kg5 37. Ne4+ Kh6 38. Rh1+ Kg7 39. Rh7+ Kf8 40. g4 Nxg4 41. Bxg4 Rxe4 42. Bf3 Ra4 43.
cxb6 Rxa2+ 44. Kg3 axb6 45. Bxc6 Rc2 46. Bd5 Rc5 47.
Rxf7+ Ke8 48. Rf5 Ke7 49. Kf4 Kd6 50. Ke4 Rc1 51. Rf6+ Kc7 52. Rf7+ Kd6 53. Rf6+ Kc7 54. Kd4 Rd1+ 55. Kc4 Rc1+ 56. Kb3 Rc5 57. Bc4 Rg5 58.
Kb4 Rg4 59. Kb5 Rg5+ 60. Kb4 Rg4 61. Rf7+ Kd6 62. Rf6+ Kc7 1/2-1/2

[Event "*** Titled Tuesday Blitz"]
[Site "Chess.com"]
[Date "2019.06.04"]
[Round "7"]
[White "Zhuu96"]
[Black "Tacticalon"]
[Result "1/2-1/2"]
[WhiteElo "2947"]
[BlackElo "2721"]
[TimeControl "180+2"]
[EndTime "14:36:30 PDT"]
[Termination "Game drawn by repetition"]

1. d4 d5 2. Nf3 Nf6 3. Bf4 e6 4. e3 Bd6 5. Bd3 c5 6. c3 Nc6 7. Bg3 O-O 8. Nbd2 b6 9. Qe2 Bb7 10. Rd1 cxd4 11. exd4 Ne7 12. Ne5 Nf5 13. O-O Re8 14.
Bf4 Bf8 15. Bb5 Re7 16. Nc6 Bxc6 17. Bxc6 Rc8 18. Bb5 Nd6 19. Ba6 Rc6 20. Nf3 Nc4 21.
Ne5 Nxe5 22. dxe5 Nd7 23. Bg5 f6 24. exf6 gxf6 25. Bh4 Bg7 26. f4 Nc5 27. Bb5 Rd6 28.
Rf3 d4 29. cxd4 Rxd4 30. Rxd4 Qxd4+ 31. Bf2 Qe4 32. Qd1 f5 33. Rg3 Qd5 34. Qc2 Qe4 35.
Qc1 Kf8 36. h3 a6 37. Bf1 Bd4 38. Bxd4 Qxd4+ 39. Kh2 e5 40. fxe5 Qxe5 41. Qh6+ Ke8 42. Qc6+ Kf8 43. Qh6+ Ke8 44. Qc6+ Kf8 45. Bd3 Nxd3 46.
Qc4 Rg7 47. Qxd3 Rxg3 48. Qxg3 Qxb2 49. Qb8+ Kf7 50. Qa7+ Kg6 51. Qxa6 Qe5+ 52. Kg1 Qa1+ 53. Kf2 Qd4+ 54. Kf3 Qe4+ 55. Kf2 Qd4+ 56. Kf1 Qd1+ 57. Kf2 Qd4+ 1/2-1/2

[Event "*** Titled Tuesday Blitz"]
[Site "Chess.com"]
[Date "2019.06.04"]
[Round "7"]
[White "champ2005"]
[Black "jacky72"]
[Result "1/2-1/2"]
[WhiteElo "2825"]
[BlackElo "2729"]
[TimeControl "180+2"]
[EndTime "14:36:33 PDT"]
[Termination "Game drawn by repetition"]

1. e4 e5 2. Nc3 Nc6 3. g3 g6 4.
Bg2 Bg7 5. d3 d6 6. f4 f5 7. Nf3 exf4 8. Bxf4 Nf6 9. exf5 Bxf5 10. Qe2+ Qe7 11. Qxe7+ Kxe7 12. O-O-O Kd7 13. Rhe1 Rae8 14.
Kd2 Nh5 15. Be3 Rhf8 16. Rf1 Bg4 17. Rde1 Rxe3 18. Kxe3 Bh6+ 19. Kf2 Nd4 20. Re3 Bxe3+ 21. Kxe3 Nxf3 22. Bxf3 Bxf3 23. Rxf3 Rxf3+ 24. Kxf3 Nf6 25. Ne2 c5 26. g4 Ke6 27. Nf4+ Ke5 28. h4 d5 29. c3 d4 30. c4 a6 31. Nh3 b5 32.
b3 bxc4 33. bxc4 h5 34. Nf2 a5 35. a4 Nd7 36. Ne4 Ke6 37. gxh5 gxh5 38. Kf4 Ke7 39. Kg5 Ke6 40. Kxh5 Kf5 41. Kh6 Kf4 42. h5 Ke3 43. Kg7 Kxd3 44. h6 Kxe4 45. h7 d3 46.
h8=Q Ne5 47. Qh4+ Ke3 48. Qg5+ Ke4 49. Kf6 Nxc4 50. Qg4+ Kd5 51. Qf3+ Kd4 52. Qf4+ Kc3 53. Qc1+ Kb3 54. Qb1+ Kc3 55. Qc1+ Kb3 56. Qd1+ Kc3 57. Qc1+ 1/2-1/2

[Event "*** Titled Tuesday Blitz"]
[Site "Chess.com"]
[Date "2019.06.04"]
[Round "7"]
[White "Pechen_Yeltsina"]
[Black "Bigfish1995"]
[Result "0-1"]
[WhiteElo "2694"]
[BlackElo "2957"]
[TimeControl "180+2"]
[EndTime "14:36:37 PDT"]
[Termination "Bigfish1995 won by resignation"]

1. Nf3 Nf6 2. g3 g6 3. Bg2 Bg7 4. O-O O-O 5. d3 d5 6. Nbd2 d4 7. Nb3 Nc6 8. e4 e5 9. c3 dxc3 10. bxc3 a5 11. a4 b6 12. Ba3 Re8 13. Qc2 Be6 14.
Rad1 Qc8 15. Rfe1 h6 16. d4 Bg4 17. d5 Nb8 18. c4 Na6 19. c5 Bf8 20. Qb2 Nxc5 21.
Nxc5 bxc5 22. Rc1 Nd7 23. h3 Bxf3 24. Bxf3 Nb6 25. Bg4 Qd8 26. Qb5 h5 27. Be2 Nd7 28. h4 Bd6 29. Bf1 Rf8 30. Bh3 f5 31. exf5 gxf5 32.
Qe2 Qe8 33. Qb5 e4 34. Bg2 Ne5 35. Qxe8 Raxe8 36. Re2 Nd3 37. Rc3 Be5 38. Rcc2 Bd4 39. Bf1 Rb8 40. Red2 Rb3 41. Ra2 c4 42. Bxf8 Kxf8 43.
Rac2 Rb4 44. Be2 Bxf2+ 45. Kh2 Bd4 46. Bxh5 Ke7 47. Be2 Rxa4 48. Ra2 Rb4 49. Rxa5 Rb1 50. Ra4 Bg1+ 51. Kh3 Be3 52. Rc2 f4 53. Raxc4 Rh1+ 54. Kg2 Rg1+ 55. Kh2 fxg3+ 0-1

[Event "*** Titled Tuesday Blitz"]
[Site "Chess.com"]
[Date "2019.06.04"]
[Round "7"]
[White "Antipov_Mikhail_Al"]
[Black "penguingm1"]
[Result "1-0"]
[WhiteElo "2896"]
[BlackElo "2911"]
[TimeControl "180+2"]
[EndTime "14:36:39 PDT"]
[Termination "Antipov_Mikhail_Al won by resignation"]

1. e4 e5 2. Nf3 Nc6 3. Bb5 a6 4. Ba4 Nf6 5. Nc3 d6 6. a3 g6 7. d4 b5 8. dxe5 Nxe5 9. Nxe5 bxa4 10. Bg5 Bg7 11. Nc4 h6 12. Bh4 O-O 13. O-O Re8 14. Re1 Be6 15. Ne3 Qb8 16. Rb1 Qb7 17. f3 Qc6 18. Qd4 Ng4 19. Qd2 Nf6 20. Bf2 Rab8 21.
Ne2 Qd7 22. Nd4 Rb7 23. Qa5 Ra8 24. Red1 Qe8 25. Rd2 Bd7 26. Nc4 Bb5 27. Ne3 Nd7 28. Nd5 Qd8 29. c4 Bxc4 30. Nc6 Qf8 31. Qxa4 Bb5 32.
Qc2 Kh8 33. b4 Rc8 34. Na5 Rbb8 35. a4 c6 36. Ne3 c5 37. axb5 cxb4 38. Qd1 Rxb5 39.
Rxd6 Nc5 40. Nac4 b3 41. Nd5 b2 42. Bd4 a5 43. Bxb2 Rcb8 44. Nc3 Rb3 45. Qc2 a4 46. Ra1 Qe7 47. Rd2 Qa7 48. Kh1 Qa6 49. Nd5 Bxb2 50. Nxb2 Qa5 51. Nd1 a3 52. h4 Qb4 53. Ra2 Kg7 54.
N1c3 Ne6 55. Nxb4 R8xb4 56. Nd5 Rb8 57. Rd3 Rb1+ 58. Kh2 R1b2 59. Qc3+ Kh7 60. Rxa3 1-0

[Event "*** Titled Tuesday Blitz"]
[Site "Chess.com"]
[Date "2019.06.04"]
[Round "7"]
[White "KNVB"]
[Black "jk13"]
[Result "1-0"]
[WhiteElo "2708"]
[BlackElo "2542"]
[TimeControl "180+2"]
[EndTime "14:36:39 PDT"]
[Termination "KNVB won by resignation"]

1. d4 Nf6 2. Bf4 e6 3. e3 d5 4. Nf3 Bd6 5. Nbd2 O-O 6. Bd3 b6 7. Qe2 a5 8. Bxd6 cxd6 9. O-O Ba6 10. c4 Nc6 11. a3 dxc4 12. Nxc4 Ne7 13. Rfc1 a4 14. Rc2 Bb7 15. Rac1 Ne4 16. Ncd2 Nxd2 17. Nxd2 Rc8 18. Rxc8 Nxc8 19. Bb5 e5 20. dxe5 dxe5 21. Bxa4 Qg5 22. Nf3 Qg4 23. Bc6 Bxc6 24. Rxc6 Rd8 25. h3 Qe4 26. Qc2 Qxc2 27. Rxc2 f6 28. Kf1 Kf7 29.
Ke2 Ke6 30. Rc7 Ne7 31. Nd2 b5 32. Rb7 Rd5 33. Ne4 h5 34. Rb6+ Kf7 35. Nc3 Rc5 36.
Rxb5 Rc7 37. a4 Nc8 38. a5 Nd6 39. Rb4 Ra7 40. Ra4 Ke6 41. a6 Kd7 42. g4 hxg4 43.
hxg4 Kc6 44. Kf3 Kb6 45. Ne4 Nb5 46. g5 f5 47. Ng3 g6 48. e4 Nd4+ 49. Rxd4 exd4 50.
exf5 gxf5 51. Nxf5 Kc5 52. Ke4 Rxa6 53. b3 Rb6 54. f4 Rxb3 55. g6 d3 56. g7 Rb8 57.
Kxd3 Re8 58. Ne7 Kd6 59. g8=Q Rxg8 60. Nxg8 Ke6 61. Ke4 Kf7 62. Nh6+ Kg6 63. Ng4 1-0

[Event "*** Titled Tuesday Blitz"]
[Site "Chess.com"]
[Date "2019.06.04"]
[Round "7"]
[White "Poghosyan_Suren"]
[Black "catalin009"]
[Result "0-1"]
[WhiteElo "2552"]
[BlackElo "2507"]
[TimeControl "180+2"]
[EndTime "14:36:40 PDT"]
[Termination "catalin009 won by checkmate"]

1. Nf3 Nf6 2. c4 e6 3. g3 d5 4. Bg2 Be7 5. O-O O-O 6. b3 c5 7.
Bb2 b6 8. e3 Bb7 9. Qe2 Qc8 10.
d3 Rd8 11. Nc3 Nc6 12. Rac1 d4 13. exd4 Nxd4 14. Nxd4 Bxg2 15. Nf5 exf5 16. Kxg2 Qc6+ 17. Kg1 Bf8 18. Rcd1 Re8 19. Qc2 f4 20. d4 fxg3 21. hxg3 cxd4 22. Rxd4 Qf3 23. Rf4 Qh5 24. Rh4 Qg6 25.
Qxg6 hxg6 26. Rd1 Bc5 27. Kf1 g5 28. Rh1 Ng4 29. Rd2 Re6 30. Nd5 Rae8 31. Bd4 Re1+ 32. Kg2 Rxh1 33. Kxh1 Bxd4 34. Rxd4 Nxf2+ 35. Kg2 Re2 36. Kf3 Rxa2 37. Ne7+ Kh7 38. b4 Nh3 39. c5 bxc5 40.
bxc5 Rc2 41. Kg4 Nf2+ 42. Kf3 g4+ 43. Ke3 a5 44. c6 f5 45. Rd6 Ne4 46. Re6 Nxg3 47.
Kf4 Rc3 48. Kg5 a4 49. Ng6 a3 50. Re8 Ne4+ 51. Kxf5 Nd6+ 52. Ke6 Nxe8 53. Nf8+ Kh6 54. Kd7 a2 55. Kxe8 a1=Q 56. Nd7 Rxc6 57. Ke7 Qe1+ 58. Kf7 Qe6+ 59. Kf8 Rc8# 0-1

[Event "*** Titled Tuesday Blitz"]
[Site "Chess.com"]
[Date "2019.06.04"]
[Round "7"]
[White "LawrenceTrent"]
[Black "IakovUlivar"]
[Result "0-1"]
[WhiteElo "2661"]
[BlackElo "2495"]
[TimeControl "180+2"]
[EndTime "14:36:46 PDT"]
[Termination "IakovUlivar won by resignation"]

1. d4 d5 2. Bf4 Nf6 3. e3 e6 4.
Nd2 c5 5. c3 Nc6 6. Ngf3 Be7 7.
Bd3 Nh5 8. Be5 f6 9. Bg3 g6 10. dxc5 Bxc5 11. e4 O-O 12. exd5 exd5 13. O-O Nxg3 14.
hxg3 Qb6 15. Nb3 Bg4 16. Nxc5 Qxc5 17. Bc2 Kg7 18. Qd3 Bxf3 19. Qxf3 Rfe8 20. Rfe1 Re5 21. Rxe5 fxe5 22. Rd1 e4 23. Bxe4 dxe4 24. Rd7+ Ne7 25. Qxe4 Re8 26. Qxb7 a5 27. b4 axb4 28. Rc7 Qd6 29.
Rd7 Qc5 30. Qxb4 Qxb4 31. cxb4 Kf6 32. Rd6+ Ke5 33. Ra6 Nd5 34. b5 Rc8 35. a4 Rc1+ 36. Kh2 Rb1 37. Ra7 h5 38. Rg7 Kf5 39. f3 Ra1 40.
Ra7 Rb1 41. Rb7 Nc3 42. Ra7 Rb4 43. a5 Rxb5 44. a6 Ra5 45. Rc7 Nd5 46. Rd7 Ke6 47. Rg7 Kf6 48. Rd7 Ke6 49. Rg7 Ne7 50. Kh3 Rxa6 51.
g4 Kf6 52. Rh7 hxg4+ 53. Kxg4 Nf5 54. Rb7 Ra4+ 55. f4 Ra3 56. Rb6+ Kg7 0-1

[Event "*** Titled Tuesday Blitz"]
[Site "Chess.com"]
[Date "2019.06.04"]
[Round "7"]
[White "JMatias"]
[Black "alturas_pacificas"]
[Result "1-0"]
[WhiteElo "2434"]
[BlackElo "2254"]
[TimeControl "180+2"]
[EndTime "14:36:47 PDT"]
[Termination "JMatias won by resignation"]

1. c4 c6 2. g3 d5 3. Nf3 Nf6 4. Bg2 Bf5 5. Qb3 Qb6 6. O-O e6 7. cxd5 exd5 8. d3 Qxb3 9. axb3 Be7 10. Be3 a6 11. Nc3 Nbd7 12. h3 h6 13. g4 Bh7 14.
Nd4 O-O 15. Nf5 Bxf5 16. gxf5 Bc5 17. d4 Bd6 18. Bd2 Rfe8 19. e3 Rac8 20. Rfc1 Ra8 21. Na4 Rac8 22. b4 Ne4 23. Be1 Ndf6 24. Nc5 Re7 25.
f3 Ng5 26. Bf2 Rce8 27. Re1 Ngh7 28. h4 Nf8 29. e4 Bxc5 30. bxc5 dxe4 31. fxe4 Nxe4 32.
Ra3 Nxf2 33. Rxe7 Rxe7 34. Kxf2 Nd7 35. Rb3 Nf6 36. Bf3 Kf8 37. Kg3 Ke8 38. Kf4 Kd8 39. Bg2 Kc7 40. Bf3 Re1 41. Rd3 Re8 42. Rd2 Rd8 43. h5 b6 44. b4 bxc5 45. bxc5 a5 46. Rg2 Rxd4+ 47. Ke3 Rd7 48. Ra2 Nd5+ 49. Kf2 Ne7 50. f6 gxf6 51. Rxa5 Nd5 52. Ra8 Rd8 53. Ra7+ Kb8 54. Rxf7 Rh8 55. Bxd5 cxd5 56. Rxf6 Rc8 57. c6 Ka7 58. Rxh6 Kb6 59. Ke3 Kc7 60. Kd4 Rd8 61. Rg6 Rh8 62. h6 Rd8 63. Kc5 d4 64. Rg7+ Kc8 65. h7 d3 66. Rg8 d2 67. Rxd8+ Kxd8 68. h8=Q+ Kc7 69. Qg7+ 1-0